Map: Inside and Out

Players

ByuN - Winner!

  • Race: Terran Terran
  • Spawn Location: 7:00

PappiJoe

  • Race: Protoss Protoss
  • Spawn Location: 1:00

Event: DreamHack SC2 Masters 2022 Atlanta (Offline)

VOD

Have the link to the VOD?

Description

Time

  • Played on: Nov. 18, 2022, 1:10 p.m.
  • Length: 10:16

All games in this series

Show
View Real Time Build Order
Export as new Build Order

ByuN Terran - Winner!

Build Orders:  

Get SALT Encoding   

  12  0:00  SCV  
  13  0:12  SCV  
  14  0:16  Supply Depot  
  14  0:24  SCV  
  15  0:38  SCV  
  15  0:39  Barracks  
  15  0:42  Refinery  
  16  0:50  SCV  
  16  0:52  Refinery  
  17  1:02  SCV  
  18  1:14  SCV  
  19  1:26  Reaper, Orbital Command  
  19  1:27  Supply Depot  
  20  1:39  Factory  
  20  1:52  SCV  
  21  1:58  Reaper  
  22  2:04  SCV  
  23  2:16  SCV  
  23  2:20  Command Center  
  24  2:23  Hellion  
  24  2:28  SCV  
  27  2:31  Barracks Reactor  
  27  2:38  Starport  
  27  2:40  SCV  
  28  2:46  Supply Depot  
  28  2:50  Widow Mine  
  30  2:53  SCV  
  31  3:08  SCV  
  31  3:11  Marine x2  
  34  3:15  Medivac, Widow Mine  
  38  3:20  SCV  
  39  3:31  Marine x2  
  39  3:33  SCV, Orbital Command  
  42  3:36  Factory Tech Lab  
  42  3:45  Starport Tech Lab  
  42  3:47  SCV  
  43  3:49  Marine x2  
  43  3:52  Supply Depot  
  45  4:00  SCV x2  
  47  4:03  Siege Tank  
  47  4:07  Raven  
  52  4:12  SCV x2  
  52  4:14  Barracks  
  52  4:16  Marine x2  
  56  4:24  SCV x2  
  56  4:36  SCV x2  
  60  4:41  Siege Tank  
  60  4:43  Supply Depot  
  59  4:48  SCV x2, Marine, Refinery  
  59  4:50  Supply Depot  
  62  4:54  Barracks  
  62  5:04  Marine  
  62  5:06  Marine  
  65  5:07  Engineering Bay  
  65  5:11  SCV x2  
  65  5:13  Siege Tank  
  69  5:14  Starport Reactor  
  69  5:17  Marine  
  70  5:22  Supply Depot, Marine  
  70  5:23  SCV, Stimpack, Marine  
  70  5:24  SCV  
  74  5:33  Supply Depot  
  74  5:35  SCV  
  74  5:36  SCV  
  74  5:37  Marine  
  74  5:39  Marine  
  78  5:44  Supply Depot, Marine  
  78  5:47  Refinery  
  78  5:48  SCV x2  
  81  5:54  Factory Reactor  
  81  5:56  Terran Infantry Weapons Level 1  
  81  6:00  SCV x2  
  83  6:04  Command Center  
  83  6:05  Marauder x2  
  83  6:11  Marine x2  
  85  6:12  SCV x2  
  89  6:24  SCV x2  
  91  6:26  Marauder x2  
  91  6:29  Marine x2  
  91  6:30  Supply Depot  
  97  6:35  Medivac  
  97  6:36  Medivac  
  101  6:40  Barracks  
  101  6:44  SCV  
  101  6:45  Barracks  
  102  6:51  Marine  
  102  6:52  Marauder x2, Marine  
  107  6:54  SCV  
  107  6:56  SCV  
  109  7:05  Supply Depot  
  109  7:06  SCV  
  109  7:08  SCV  
  109  7:11  Medivac, Widow Mine  
  109  7:13  Widow Mine  
  109  7:16  Medivac  
  109  7:17  SCV  
  109  7:18  SCV  
  109  7:20  SCV  
  97  7:30  Barracks Reactor  
  97  7:31  SCV  
  97  7:32  Marauder  
  97  7:33  Marauder, Marine x2  
  97  7:35  Barracks Tech Lab  
  104  7:38  Orbital Command  
  104  7:42  SCV  
  104  7:43  SCV  
  105  7:51  Marine  
  106  7:52  Widow Mine x2  
  106  7:53  Medivac x2, Marauder  
  106  7:54  Marauder  
  106  7:56  Terran Infantry Armor Level 1  
  106  7:57  Combat Shield  
  118  7:59  Concussive Shells  
  118  8:01  SCV x2  
  120  8:06  SCV  
  120  8:09  Marauder  
  121  8:13  Marine x2  
  121  8:15  Supply Depot, Marauder  
  121  8:16  Marine  
  121  8:17  Marine  
  127  8:24  Sensor Tower  
  126  8:28  Marauder  
  126  8:31  Marauder  
  126  8:33  Marine x2  
  128  8:34  Marine x2  
  128  8:36  Marauder  
  128  8:39  Viking x2  
  125  8:49  Marauder  
  125  8:50  Marine, Orbital Command  
  125  8:51  Marine  
  125  8:52  Marauder, Marine x2  
  126  8:57  Marauder  
  128  9:05  SCV x2  
  128  9:08  Marine  
  129  9:10  Marauder  
  129  9:13  Marauder  
  131  9:19  Marauder, Marine x3  
  131  9:21  Ghost Academy, SCV  
  131  9:22  SCV  
  131  9:23  SCV  
  133  9:27  Viking  
  133  9:29  Viking  
  137  9:34  SCV x2  
  137  9:36  Supply Depot  
  137  9:38  Supply Depot x2  
  139  9:49  Marauder  
  141  9:55  Marine x2  
Show
View Real Time Build Order
Export as new Build Order

PappiJoe Protoss 

Build Orders: 1 Gate Expand, Phoenix Opening, Colossus Rush 

Get SALT Encoding   

  12  0:00  Probe  
  13  0:12  Probe  
  14  0:19  Pylon  
  14  0:24  Probe  
  15  0:30  Assimilator  
  15  0:37  Probe (Chrono Boost)  
  15  0:41  Gateway  
  16  0:47  Probe (Chrono Boost)  
  17  0:53  Probe  
  18  1:05  Probe  
  19  1:17  Probe  
  20  1:21  Nexus  
  20  1:31  Cybernetics Core  
  20  1:34  Probe  
  20  1:39  Assimilator  
  21  1:46  Probe  
  22  1:48  Pylon  
  22  1:58  Probe (Chrono Boost)  
  23  2:04  Stalker (Chrono Boost)  
  23  2:08  Warp Gate  
  25  2:10  Probe (Chrono Boost)  
  25  2:14  Shield Battery  
  26  2:18  Probe (Chrono Boost)  
  27  2:26  Probe (Chrono Boost)  
  27  2:27  Sentry  
  30  2:33  Probe (Chrono Boost)  
  32  2:41  Shield Battery  
  32  2:42  Probe x2 (Chrono Boost)  
  33  2:47  Probe (Chrono Boost)  
  33  2:48  Probe  
  35  2:57  Gateway  
  35  3:01  Probe  
  35  3:02  Probe  
  35  3:04  Phoenix  
  35  3:13  Probe  
  35  3:14  Probe, Gateway  
  35  3:17  Robotics Facility  
  35  3:19  Sentry  
  39  3:25  Probe  
  39  3:26  Probe  
  41  3:37  Probe  
  41  3:38  Probe  
  43  3:41  Nexus  
  43  3:45  Pylon  
  43  3:49  Probe  
  43  3:50  Pylon  
  43  3:52  Probe  
  43  3:54  Assimilator  
  45  3:57  Assimilator  
  45  4:01  Probe  
  46  4:05  Observer (Chrono Boost), Probe  
  46  4:08  Stalker  
  50  4:13  Probe  
  50  4:14  Stalker  
  50  4:16  Stalker  
  55  4:21  Probe  
  53  4:42  Probe  
  53  4:45  Probe  
  55  4:50  Phoenix  
  55  4:54  Shield Battery, Probe, Pylon  
  55  4:55  Probe  
  55  4:57  Probe  
  55  4:58  Immortal (Chrono Boost)  
  58  5:00  Robotics Bay  
  58  5:06  Probe  
  64  5:07  Probe  
  64  5:09  Probe  
  64  5:11  Pylon  
  65  5:18  Probe  
  65  5:19  Twilight Council, Probe  
  68  5:21  Probe  
  68  5:24  Pylon  
  68  5:29  Observer (Chrono Boost)  
  68  5:30  Probe  
  68  5:31  Probe  
  68  5:34  Sentry  
  68  5:35  Probe  
  74  5:36  Pylon  
  74  5:42  Probe  
  75  5:43  Probe  
  75  5:45  Colossus (Chrono Boost)  
  82  5:52  Probe  
  82  5:53  Stalker x2  
  82  5:55  Probe  
  88  5:59  Charge (Chrono Boost)  
  88  6:06  Gateway  
  88  6:08  Gateway  
  88  6:10  Gateway  
  88  6:11  Probe x2  
  88  6:12  Probe  
  88  6:17  Gateway  
  87  6:23  Colossus (Chrono Boost)  
  84  6:27  Pylon  
  90  6:34  Pylon  
  90  6:35  Shield Battery, Zealot x2  
  94  6:42  Gateway, Stalker  
  94  6:55  Pylon  
  94  7:01  Gateway  
  94  7:02  Probe x2  
  94  7:03  Assimilator  
  94  7:06  Zealot x2, Gateway  
  94  7:07  Zealot x2, Assimilator  
  103  7:13  Zealot x2  
  103  7:19  Zealot  
  103  7:22  Probe x3  
  102  7:29  Warp Prism (Chrono Boost), Forge  
  100  7:34  Probe x3  
  105  7:40  Pylon  
  105  7:42  Templar Archives  
  105  7:46  Probe  
  105  7:48  Gateway  
  106  7:55  Colossus (Chrono Boost)  
  106  8:00  Stalker  
  106  8:02  Stalker  
  106  8:03  Pylon  
  114  8:10  Zealot x3  
  120  8:16  Stalker  
  120  8:17  Zealot, Stalker  
  120  8:19  Zealot  
  128  8:23  Zealot  
  128  8:26  Zealot  
  132  8:31  Zealot x3  
  126  8:46  Zealot x2  
  110  9:02  Probe x2  
  112  9:05  Nexus  
  112  9:14  Pylon  
  110  9:18  Colossus (Chrono Boost)  
  110  9:19  High Templar x3  
  110  9:21  Pylon x2  
  110  9:22  Pylon  
  116  9:27  Archon  
  116  9:29  Pylon  
  114  9:34  Pylon  
  114  9:36  Pylon  
  114  9:39  High Templar x2  
  114  9:40  High Templar  
  120  9:46  Pylon  
  120  9:48  Archon, Pylon  
  120  9:49  High Templar  
  121  9:55  Zealot x2  
  121  9:57  Zealot x3  
  121  9:59  Archon  
  126  10:02  Zealot  
  126  10:03  Zealot x2  
Tags
 
Add a new tag
Caveats
  • Supply blocks, unpowered buildings, or Contaminate may cause inaccurate times.
  • Supply counts are checked every 10 seconds.